Workbook
Name \0: #REF!
Name _________________________esc15: #REF!
Name _________________________esc4: #REF!
Name _________________________esc6: #REF!
Name ________________________esc15: #REF!
Name ________________________esc4: #REF!
Name ________________________esc6: #REF!
Name _______________________esc15: #REF!
Name _______________________esc4: #REF!
Name _______________________esc6: #REF!
Name ______________________esc15: #REF!
Name ______________________esc4: #REF!
Name ______________________esc6: #REF!
Name ____________________esc15: #REF!
Name ____________________esc4: #REF!
Name ____________________esc6: #REF!
Name ___________________esc15: #REF!
Name ___________________esc4: #REF!
Name ___________________esc6: #REF!
Name __________________esc15: #REF!
Name __________________esc4: #REF!
Name __________________esc6: #REF!
Name _________________esc15: #REF!
Name _________________esc4: #REF!
Name _________________esc6: #REF!
Name _______________esc15: #REF!
Name _______________esc4: #REF!
Name _______________esc6: #REF!
Name ______________esc15: #REF!
Name ______________esc4: #REF!
Name ______________esc6: #REF!
Name _____________esc15: #REF!
Name _____________esc4: #REF!
Name _____________esc6: #REF!
Name ____________esc15: #REF!
Name ____________esc4: #REF!
Name ____________esc6: #REF!
Name ___________esc15: #REF!
Name ___________esc4: #REF!
Name ___________esc6: #REF!
Name __________esc15: #REF!
Name __________esc4: #REF!
Name __________esc6: #REF!
Name _________esc15: #REF!
Name _________esc4: #REF!
Name _________esc6: #REF!
Name ________esc15: #REF!
Name ________esc4: #REF!
Name ________esc6: #REF!
Name _______esc15: #REF!
Name _______esc4: #REF!
Name _______esc6: #REF!
Name __xlnm_Database: "#ref!"
Name __xlnm_Recorder: "#ref!"
Name _esc15: #REF!
Name _esc4: #REF!
Name _esc6: #REF!
Name A: #REF!
Name aaaa: #REF!
Name AB: #REF!

Sheet Orçamento Sintético
A1: PREFEITURA MUNICIPAL DE SANTA LUZIA
D2: Objeto: | E2: Bancos | H2: B.D.I. | I2: Encargos Sociais
D3: Registro de preço para futura e eventual contratação de empresa para execução de serviços de recomposição de pavimentos, TAPA-BURACO, em diversos logradouros públicos no município, com fornecimento de mão de obra, materiais e equipamentos. | E3: SINAPI - 11/2022 - Minas Gerais SETOP - 10/2022 - Minas Gerais SUDECAP - 10/2022 - Minas Gerais | H3: 24,21% | I3: Não Desonerado: embutido nos preços unitário dos insumos de mão de obra, de acordo com as bases.
H4: Santa Luzia, 09 de janeiro de 2023
A5: PLANILHA ORÇAMENTÁRIA
A6: Item | B6: Código | C6: Banco | D6: Descrição | E6: Und | F6: Quant. | G6: Valor Unit | H6: Valor Unit com BDI | I6: Total | J6: Peso (%)
D7: TOTAL GERAL | I7: =H32 -> 19303232
A8: 1 | D8: SERVIÇOS PRELIMINARES | I8: 105229.56 | J8: =I8 / 19303231.6 -> 0.005451396
A9: 1.1 | B9: 01.09.03 | C9: SUDECAP | D9: CONTAINER 6,0X2,30X2,82 M COM ISOLAMENTO TERMICO - ESCRITORIO COM AR CONDICIONADO E SANITARIO | E9: MES | F9: 12 | G9: 930 | H9: =TRUNC(G9 * (1 + 24.21 / 100), 2) -> 1155.15 | I9: =TRUNC(F9 * H9, 2) -> 13861.8 | J9: =I9 / 19303231.6 -> 0.00071810774
A10: 1.2 | B10: 01.09.01 | C10: SUDECAP | D10: MOBILIZACAO DE CONTAINER | E10: UN | F10: 4 | G10: 600 | H10: =TRUNC(G10 * (1 + 24.21 / 100), 2) -> 745.26 | I10: =TRUNC(F10 * H10, 2) -> 2981.04 | J10: =I10 / 19303231.6 -> 0.00015443217
A11: 1.3 | B11: 01.09.11 | C11: SUDECAP | D11: DESMOBILIZAÇÃO DE CONTAINER | E11: UN | F11: 4 | G11: 600 | H11: =TRUNC(G11 * (1 + 24.21 / 100), 2) -> 745.26 | I11: =TRUNC(F11 * H11, 2) -> 2981.04 | J11: =I11 / 19303231.6 -> 0.00015443217
A12: 1.4 | B12: 01.10.01 | C12: SUDECAP | D12: BANHEIRO QUIMICO 110X120X230CM COM MANUTENCAO | E12: MES | F12: 24 | G12: 680 | H12: =TRUNC(G12 * (1 + 24.21 / 100), 2) -> 844.62 | I12: =TRUNC(F12 * H12, 2) -> 20270.88 | J12: =I12 / 19303231.6 -> 0.0010501288
A13: 1.5 | B13: 01.11.04 | C13: SUDECAP | D13: SINALIZAÇÃO PROVISÓRIA - PLACA 0,50X0,50M CH.GALV.22 CAVALETE METALON 20X20 - MENSAL | E13: UNMES | F13: 240 | G13: 13.15 | H13: =TRUNC(G13 * (1 + 24.21 / 100), 2) -> 16.33 | I13: =TRUNC(F13 * H13, 2) -> 3919.2 | J13: =I13 / 19303231.6 -> 0.00020303336
A14: 1.6 | B14: CPU-1003 | C14: Próprio | D14: SINALIZAÇÃO PROVISÓRIA - CONE EM PVC H= 75 CM - MENSAL | E14: UN/MÊS | F14: 480 | G14: 9.37 | H14: =TRUNC(G14 * (1 + 24.21 / 100), 2) -> 11.63 | I14: =TRUNC(F14 * H14, 2) -> 5582.4 | J14: =I14 / 19303231.6 -> 0.0002891951
A15: 1.7 | B15: CPU-1004 | C15: Próprio | D15: SINALIZAÇÃO PROVISÓRIA - CONE MASTER 75CM BASE DE BORRACHA CORPO POLIETILEN - MENSAL | E15: UN/MÊS | F15: 480 | G15: 17.51 | H15: =TRUNC(G15 * (1 + 24.21 / 100), 2) -> 21.74 | I15: =TRUNC(F15 * H15, 2) -> 10435.2 | J15: =I15 / 19303231.6 -> 0.00054059342
A16: 1.8 | B16: 01.11.07 | C16: SUDECAP | D16: SINALIZAÇÃO PROVISÓRIA - CONE EM PVC H= 75 CM - AQUISIÇÃO | E16: UN | F16: 100 | G16: 40.57 | H16: =TRUNC(G16 * (1 + 24.21 / 100), 2) -> 50.39 | I16: =TRUNC(F16 * H16, 2) -> 5039 | J16: =I16 / 19303231.6 -> 0.00026104437
A17: 1.9 | B17: 01.11.06 | C17: SUDECAP | D17: SINALIZAÇÃO PROVISÓRIA - CONE MASTER 75CM BASE DE BORRACHA CORPO POLIETILEN - AQUISIÇÃO | E17: UN | F17: 100 | G17: 81.31 | H17: =TRUNC(G17 * (1 + 24.21 / 100), 2) -> 100.99 | I17: =TRUNC(F17 * H17, 2) -> 10099 | J17: =I17 / 19303231.6 -> 0.00052317665
A18: 1.10 | B18: 01.11.05 | C18: SUDECAP | D18: SINALIZAÇÃO PROVISÓRIA - FAIXA 6,0X0,80M TECIDO MORIM SUPORTE EM EUCALIPTO - AQUISIÇÃO | E18: UN | F18: 120 | G18: 201.68 | H18: =TRUNC(G18 * (1 + 24.21 / 100), 2) -> 250.5 | I18: =TRUNC(F18 * H18, 2) -> 30060 | J18: =I18 / 19303231.6 -> 0.0015572522
A19: 2 | D19: DEMOLIÇÕES E LIMPEZA | I19: 3586680 | J19: =I19 / 19303231.6 -> 0.18580723
A20: 2.1 | B20: 02.12.01 | C20: SUDECAP | D20: CORTE MECAN. C/ SERRA CIRCULAR EM CONCRETO/ASFALTO | E20: M | F20: 250000 | G20: 1.97 | H20: =TRUNC(G20 * (1 + 24.21 / 100), 2) -> 2.44 | I20: =TRUNC(F20 * H20, 2) -> 610000 | J20: =I20 / 19303231.6 -> 0.031600926
A21: 2.2 | B21: 02.11.07 | C21: SUDECAP | D21: DEMOLIÇÃO DE REVESTIMENTO ASFALTICO COM EQUIP. PNEUMATICO | E21: m² | F21: 125000 | G21: 14.08 | H21: =TRUNC(G21 * (1 + 24.21 / 100), 2) -> 17.48 | I21: =TRUNC(F21 * H21, 2) -> 2185000 | J21: =I21 / 19303231.6 -> 0.11319348
A22: 2.3 | B22: 02.27.01 | C22: SUDECAP | D22: CARGA DE MATERIAL DEMOLIDO SOBRE CAMINHÃO - MANUAL | E22: m³ | F22: 8000 | G22: 20.74 | H22: =TRUNC(G22 * (1 + 24.21 / 100), 2) -> 25.76 | I22: =TRUNC(F22 * H22, 2) -> 206080 | J22: =I22 / 19303231.6 -> 0.010675933
A23: 2.4 | B23: 02.28.04 | C23: SUDECAP | D23: TRANSPORTE DE MATERIAL DEMOLIDO EM CAMINHAO - DMT > 5 KM | E23: M3KM | F23: 240000 | G23: 1.97 | H23: =TRUNC(G23 * (1 + 24.21 / 100), 2) -> 2.44 | I23: =TRUNC(F23 * H23, 2) -> 585600 | J23: =I23 / 19303231.6 -> 0.030336889
A24: 3 | D24: RECOMPOSIÇÃO DE PAVIMENTO | I24: 14239350 | J24: =I24 / 19303231.6 -> 0.73766664
A25: 3.1 | B25: CPU-034 | C25: Próprio | D25: TAPA-BURACO COM CONCRETO BETUMINOSO USINADO A QUENTE (EXECUÇÃO INCLUINDO TODOS OS INSUMOS NECESSÁRIOS, INCLUSIVE USINAGEM, PINTURA DE LIGAÇÃO, APLICAÇÃO DA MASSA - EXCLUSIVE O TRANSPORTE DA MASSA ASFÁLTICA DA USINA PARA O LOCAL DE INÍCIO DOS SERVIÇOS) | E25: T | F25: 15000 | G25: 703.4 | H25: =TRUNC(G25 * (1 + 24.21 / 100), 2) -> 873.69 | I25: =TRUNC(F25 * H25, 2) -> 13105350 | J25: =I25 / 19303231.6 -> 0.67892
A26: 3.2 | B26: 40.34.02 | C26: SUDECAP | D26: TRANSPORTE DMT > 10 KM | E26: TxKM | F26: 900000 | G26: 1.02 | H26: =TRUNC(G26 * (1 + 24.21 / 100), 2) -> 1.26 | I26: =TRUNC(F26 * H26, 2) -> 1134000 | J26: =I26 / 19303231.6 -> 0.05874664
A27: 4 | D27: VEÍCULOS | I27: 22676.16 | J27: =I27 / 19303231.6 -> 0.0011747339
A28: 4.1 | B28: CPU-048 | C28: Próprio | D28: LOCAÇÃO DE MOTOCICLETA 125CC, INCLUSIVE, COMBUSTÍVEL - COM GIROFLEX | E28: MÊS | F28: 24 | G28: 760.68 | H28: =TRUNC(G28 * (1 + 24.21 / 100), 2) -> 944.84 | I28: =TRUNC(F28 * H28, 2) -> 22676.16 | J28: =I28 / 19303231.6 -> 0.0011747339
A29: 5 | D29: ADMINISTRAÇÃO LOCAL | I29: 1349295.9 | J29: =I29 / 19303231.6 -> 0.0699
A30: 5.1 | B30: ADM-ATA OTB | C30: Próprio | D30: ADMINISTRAÇÃO LOCAL ACÓRDÃO TCU Nº 2622/2013 - ADOTADO QUARTIL MÉDIO 6,99% - LIMITES ENTRE 1,98% E 10,68% | E30: UN | F30: 1 | G30: 1086302.1 | H30: =TRUNC(G30 * (1 + 24.21 / 100), 2) -> 1349295.9 | I30: =TRUNC(F30 * H30, 2) -> 1349295.9 | J30: =I30 / 19303231.6 -> 0.0699
F32: Total Geral | H32: 19303232
A34: OBS.: Os quantitativos dos itens existentes nesta Ata de Registro de Preços foram mensurados de forma estimada e suas utilizações podem ser distintas da prevista em fase licitatória, considerando o prazo de sua elaboração e a dinâmica constante no espaço urbano. Portanto, os quantitativos informados não são de responsabilidade do orçamentista. É importante salientar que para efeito de medição, serão pagos apenas os serviços executados e aprovados pela fiscalização.
A48: _______________________________________________________________ ERIK GUIMARÃES DE FREITAS FREUDENSPRUNG ENGENHEIRO CIVIL CREA-RJ: 2018123277/ D MATRÍCULA: 33274

Sheet Orçamento Analítico
A1: PREFEITURA MUNICIPAL DE SANTA LUZIA
C2: ='Orçamento Sintético'!D2 -> Objeto: | E2: Bancos | G2: B.D.I. | I2: Encargos Sociais
C3: Registro de preço para futura e eventual contratação de empresa para execução de serviços de recomposição de pavimentos, TAPA-BURACO, em diversos logradouros públicos no município, com fornecimento de mão de obra, materiais e equipamentos. | E3: SINAPI - 11/2022 - Minas Gerais SETOP - 10/2022 - Minas Gerais SUDECAP - 10/2022 - Minas Gerais | G3: 24,21% | I3: Não Desonerado: embutido nos preços unitário dos insumos de mão de obra, de acordo com as bases.
H4: ='Orçamento Sintético'!H4:J4 -> Santa Luzia, 09 de janeiro de 2023
A5: PLANILHA ORÇAMENTÁRIA ANALÍTICA
A6: 1 | D6: SERVIÇOS PRELIMINARES | J6: 105229.56
A7: 1.1 | B7: Código | C7: Banco | D7: Descrição | E7: Tipo | G7: Und | H7: Quant. | I7: Valor Unit | J7: Total
A8: Composição | B8: 01.09.03 | C8: SUDECAP | D8: CONTAINER 6,0X2,30X2,82 M COM ISOLAMENTO TERMICO - ESCRITORIO COM AR CONDICIONADO E SANITARIO | E8: CONTAINER 6,0X2,30X2,82 M COM ISOLAMENTO TERMICO | G8: MES | H8: 1 | I8: 930 | J8: 930
A9: Insumo | B9: 89.50.03 | C9: SUDECAP | D9: CONTAINER 6,0X2,30X2,82M E SANITÁRIO C/ ISOLAMENTO TÉRMICO | E9: Material | G9: MES | H9: 1 | I9: 730 | J9: 730
A10: Insumo | B10: 89.50.50 | C10: SUDECAP | D10: AR CONDICIONADO PARA CONTAINER | E10: Material | G10: MES | H10: 1 | I10: 200 | J10: 200
E11: MO sem LS => | F11: 0 | G11: LS => | H11: 0 | I11: MO com LS => | J11: 0
E12: Valor do BDI => | F12: 225.15 | H12: Valor com BDI => | J12: 1155.15
G13: Quant. => | H13: 12 | I13: Preço Total => | J13: 13861.8
A15: 1.2 | B15: Código | C15: Banco | D15: Descrição | E15: Tipo | G15: Und | H15: Quant. | I15: Valor Unit | J15: Total
A16: Composição | B16: 01.09.01 | C16: SUDECAP | D16: MOBILIZACAO DE CONTAINER | E16: CONTAINER 6,0X2,30X2,82 M COM ISOLAMENTO TERMICO | G16: UN | H16: 1 | I16: 600 | J16: 600
A17: Insumo | B17: 89.50.20 | C17: SUDECAP | D17: MOBILIZAÇAO DE CONTAINER | E17: Material | G17: UN | H17: 1 | I17: 600 | J17: 600
E18: MO sem LS => | F18: 0 | G18: LS => | H18: 0 | I18: MO com LS => | J18: 0
E19: Valor do BDI => | F19: 145.26 | H19: Valor com BDI => | J19: 745.26
G20: Quant. => | H20: 4 | I20: Preço Total => | J20: 2981.04
A22: 1.3 | B22: Código | C22: Banco | D22: Descrição | E22: Tipo | G22: Und | H22: Quant. | I22: Valor Unit | J22: Total
A23: Composição | B23: 01.09.11 | C23: SUDECAP | D23: DESMOBILIZAÇÃO DE CONTAINER | E23: CONTAINER 6,0X2,30X2,82 M COM ISOLAMENTO TERMICO | G23: UN | H23: 1 | I23: 600 | J23: 600
A24: Insumo | B24: 89.50.21 | C24: SUDECAP | D24: DESMOBILIZAÇÃO DE CONTAINER | E24: Material | G24: UN | H24: 1 | I24: 600 | J24: 600
E25: MO sem LS => | F25: 0 | G25: LS => | H25: 0 | I25: MO com LS => | J25: 0
E26: Valor do BDI => | F26: 145.26 | H26: Valor com BDI => | J26: 745.26
G27: Quant. => | H27: 4 | I27: Preço Total => | J27: 2981.04
A29: 1.4 | B29: Código | C29: Banco | D29: Descrição | E29: Tipo | G29: Und | H29: Quant. | I29: Valor Unit | J29: Total
A30: Composição | B30: 01.10.01 | C30: SUDECAP | D30: BANHEIRO QUIMICO 110X120X230CM COM MANUTENCAO | E30: BANHEIRO QUIMICO | G30: MES | H30: 1 | I30: 680 | J30: 680
A31: Insumo | B31: 89.50.09 | C31: SUDECAP | D31: BANHEIRO QUIMICO 2 MANUT. 2 ROLOS PAPEL HIGIENICO | E31: Material | G31: MES | H31: 1 | I31: 680 | J31: 680
E32: MO sem LS => | F32: 0 | G32: LS => | H32: 0 | I32: MO com LS => | J32: 0
E33: Valor do BDI => | F33: 164.62 | H33: Valor com BDI => | J33: 844.62
G34: Quant. => | H34: 24 | I34: Preço Total => | J34: 20270.88
A36: 1.5 | B36: Código | C36: Banco | D36: Descrição | E36: Tipo | G36: Und | H36: Quant. | I36: Valor Unit | J36: Total
A37: Composição | B37: 01.11.04 | C37: SUDECAP | D37: SINALIZAÇÃO PROVISÓRIA - PLACA 0,50X0,50M CH.GALV.22 CAVALETE METALON 20X20 - MENSAL | E37: SINALIZAÇAO | G37: UNMES | H37: 1 | I37: 13.15 | J37: 13.15
A38: Insumo | B38: 55.10.88 | C38: SUDECAP | D38: SERVENTE | E38: Mão de Obra | G38: H | H38: 0.2 | I38: 15.79 | J38: 3.15
A39: Insumo | B39: 83.17.41 | C39: SUDECAP | D39: PLACA 0,50X0,50M CH.GALV.22 CAVALETE METALON 20X20 | E39: Material | G39: UN | H39: 0.04 | I39: 250 | J39: 10
E40: MO sem LS => | F40: 3.15 | G40: LS => | H40: 0 | I40: MO com LS => | J40: 3.15
E41: Valor do BDI => | F41: 3.18 | H41: Valor com BDI => | J41: 16.33
G42: Quant. => | H42: 240 | I42: Preço Total => | J42: 3919.2
A44: 1.6 | B44: Código | C44: Banco | D44: Descrição | E44: Tipo | G44: Und | H44: Quant. | I44: Valor Unit | J44: Total
A45: Composição | B45: CPU-1003 | C45: Próprio | D45: SINALIZAÇÃO PROVISÓRIA - CONE EM PVC H= 75 CM - MENSAL | E45: 1.11 | G45: UN/MÊS | H45: 1 | I45: 9.37 | J45: 9.37
A46: Insumo | B46: 55.10.88 | C46: SUDECAP | D46: SERVENTE | E46: Mão de Obra | G46: H | H46: 0.1 | I46: 15.79 | J46: 1.57
A47: Insumo | B47: 84.20.02 | C47: SUDECAP | D47: CONE DE SINALIZACAO EM PVC RIGIDO COM FAIXA REFLETIVA, H = 70 / 76 CM | E47: Material | G47: UN | H47: 0.2 | I47: 39 | J47: 7.8
E48: MO sem LS => | F48: 1.57 | G48: LS => | H48: 0 | I48: MO com LS => | J48: 1.57
E49: Valor do BDI => | F49: 2.26 | H49: Valor com BDI => | J49: 11.63
G50: Quant. => | H50: 480 | I50: Preço Total => | J50: 5582.4
A52: 1.7 | B52: Código | C52: Banco | D52: Descrição | E52: Tipo | G52: Und | H52: Quant. | I52: Valor Unit | J52: Total
A53: Composição | B53: CPU-1004 | C53: Próprio | D53: SINALIZAÇÃO PROVISÓRIA - CONE MASTER 75CM BASE DE BORRACHA CORPO POLIETILEN - MENSAL | E53: 1.11 | G53: UN/MÊS | H53: 1 | I53: 17.51 | J53: 17.51
A54: Insumo | B54: 55.10.88 | C54: SUDECAP | D54: SERVENTE | E54: Mão de Obra | G54: H | H54: 0.1 | I54: 15.79 | J54: 1.57
A55: Insumo | B55: 84.20.01 | C55: SUDECAP | D55: CONE DE SINALIZACAO EM PVC FLEXIVEL, H = 70 / 76 CM (NBR 15071) | E55: Material | G55: UN | H55: 0.2 | I55: 79.74 | J55: 15.94
E56: MO sem LS => | F56: 1.57 | G56: LS => | H56: 0 | I56: MO com LS => | J56: 1.57
E57: Valor do BDI => | F57: 4.23 | H57: Valor com BDI => | J57: 21.74
G58: Quant. => | H58: 480 | I58: Preço Total => | J58: 10435.2
A60: 1.8 | B60: Código | C60: Banco | D60: Descrição | E60: Tipo | G60: Und | H60: Quant. | I60: Valor Unit | J60: Total
A61: Composição | B61: 01.11.07 | C61: SUDECAP | D61: SINALIZAÇÃO PROVISÓRIA - CONE EM PVC H= 75 CM - AQUISIÇÃO | E61: SINALIZAÇAO | G61: UN | H61: 1 | I61: 40.57 | J61: 40.57
A62: Insumo | B62: 55.10.88 | C62: SUDECAP | D62: SERVENTE | E62: Mão de Obra | G62: H | H62: 0.1 | I62: 15.79 | J62: 1.57
A63: Insumo | B63: 84.20.02 | C63: SUDECAP | D63: CONE DE SINALIZACAO EM PVC RIGIDO COM FAIXA REFLETIVA, H = 70 / 76 CM | E63: Material | G63: UN | H63: 1 | I63: 39 | J63: 39
E64: MO sem LS => | F64: 1.57 | G64: LS => | H64: 0 | I64: MO com LS => | J64: 1.57
E65: Valor do BDI => | F65: 9.82 | H65: Valor com BDI => | J65: 50.39
G66: Quant. => | H66: 100 | I66: Preço Total => | J66: 5039
A68: 1.9 | B68: Código | C68: Banco | D68: Descrição | E68: Tipo | G68: Und | H68: Quant. | I68: Valor Unit | J68: Total
A69: Composição | B69: 01.11.06 | C69: SUDECAP | D69: SINALIZAÇÃO PROVISÓRIA - CONE MASTER 75CM BASE DE BORRACHA CORPO POLIETILEN - AQUISIÇÃO | E69: SINALIZAÇAO | G69: UN | H69: 1 | I69: 81.31 | J69: 81.31
A70: Insumo | B70: 55.10.88 | C70: SUDECAP | D70: SERVENTE | E70: Mão de Obra | G70: H | H70: 0.1 | I70: 15.79 | J70: 1.57
A71: Insumo | B71: 84.20.01 | C71: SUDECAP | D71: CONE DE SINALIZACAO EM PVC FLEXIVEL, H = 70 / 76 CM (NBR 15071) | E71: Material | G71: UN | H71: 1 | I71: 79.74 | J71: 79.74
E72: MO sem LS => | F72: 1.57 | G72: LS => | H72: 0 | I72: MO com LS => | J72: 1.57
E73: Valor do BDI => | F73: 19.68 | H73: Valor com BDI => | J73: 100.99
G74: Quant. => | H74: 100 | I74: Preço Total => | J74: 10099
A76: 1.10 | B76: Código | C76: Banco | D76: Descrição | E76: Tipo | G76: Und | H76: Quant. | I76: Valor Unit | J76: Total
A77: Composição | B77: 01.11.05 | C77: SUDECAP | D77: SINALIZAÇÃO PROVISÓRIA - FAIXA 6,0X0,80M TECIDO MORIM SUPORTE EM EUCALIPTO - AQUISIÇÃO | E77: SINALIZAÇAO | G77: UN | H77: 1 | I77: 201.68 | J77: 201.68
A78: Insumo | B78: 55.10.88 | C78: SUDECAP | D78: SERVENTE | E78: Mão de Obra | G78: H | H78: 0.5 | I78: 15.79 | J78: 7.89
A79: Insumo | B79: 71.30.04 | C79: SUDECAP | D79: MADEIRA ROLICA D= 6 A 10 CM COMPRIMENTO 6 METROS | E79: Material | G79: M | H79: 3 | I79: 13.33 | J79: 39.99
A80: Insumo | B80: 60.35.10 | C80: SUDECAP | D80: ARAME GALVANIZADO 10 BWG, 3,40 MM (0,0713 KG/M) | E80: Material | G80: KG | H80: 2 | I80: 16.9 | J80: 33.8
A81: Insumo | B81: 83.17.70 | C81: SUDECAP | D81: FAIXA MORIM 6,00M X 0,80M EM TECIDO COMUM, EXCLUSIVE INSTALAÇÃO | E81: Material | G81: UN | H81: 1 | I81: 120 | J81: 120
E82: MO sem LS => | F82: 7.89 | G82: LS => | H82: 0 | I82: MO com LS => | J82: 7.89
E83: Valor do BDI => | F83: 48.82 | H83: Valor com BDI => | J83: 250.5
G84: Quant. => | H84: 120 | I84: Preço Total => | J84: 30060
A86: 2 | D86: DEMOLIÇÕES E LIMPEZA | J86: 3586680
A87: 2.1 | B87: Código | C87: Banco | D87: Descrição | E87: Tipo | G87: Und | H87: Quant. | I87: Valor Unit | J87: Total
A88: Composição | B88: 02.12.01 | C88: SUDECAP | D88: CORTE MECAN. C/ SERRA CIRCULAR EM CONCRETO/ASFALTO | E88: CORTE MECANICO EM CONCRETO/ASFALTO | G88: M | H88: 1 | I88: 1.97 | J88: 1.97
A89: Insumo | B89: 50.41.11 | C89: SUDECAP | D89: CHP/MÁQUINA CORTADORA DE PISO (SERRA CLIPPER), À GASOLINA, 13HP, ÚMIDO OU À SECO, OU EQUIVALENTE | E89: Equipamento | G89: H | H89: 0.025 | I89: 8.67 | J89: 0.21
A90: Insumo | B90: 50.41.12 | C90: SUDECAP | D90: CHI/MÁQUINA CORTADORA DE PISO (SERRA CLIPPER), À GASOLINA, 13HP, ÚMIDO OU À SECO, OU EQUIVALENTE | E90: Equipamento | G90: H | H90: 0.034 | I90: 1.58 | J90: 0.05
A91: Insumo | B91: 55.10.75 | C91: SUDECAP | D91: PEDREIRO | E91: Mão de Obra | G91: H | H91: 0.059 | I91: 22.52 | J91: 1.32
A92: Insumo | B92: 72.10.01 | C92: SUDECAP | D92: DISCO DIAMANTADO D=14" PRECISION OU EQUIVALENTE | E92: Material | G92: UN | H92: 0.002 | I92: 197.2 | J92: 0.39
E93: MO sem LS => | F93: 1.32 | G93: LS => | H93: 0 | I93: MO com LS => | J93: 1.32
E94: Valor do BDI => | F94: 0.47 | H94: Valor com BDI => | J94: 2.44
G95: Quant. => | H95: 250000 | I95: Preço Total => | J95: 610000
A97: 2.2 | B97: Código | C97: Banco | D97: Descrição | E97: Tipo | G97: Und | H97: Quant. | I97: Valor Unit | J97: Total
A98: Composição | B98: 02.11.07 | C98: SUDECAP | D98: DEMOLIÇÃO DE REVESTIMENTO ASFALTICO COM EQUIP. PNEUMATICO | E98: DEMOLIÇAO DE PASSEIO E PAVIMENTO | G98: m² | H98: 1 | I98: 14.08 | J98: 14.08
A99: Insumo | B99: 50.14.10 | C99: SUDECAP | D99: CHP/COMPRESSOR PORTÁTIL, MOTOR DIESEL, 275 PCM, 7 BAR, 54,4KW, OU EQUIVALENTE | E99: Equipamento | G99: H | H99: 0.06667 | I99: 127.04 | J99: 8.46
A100: Insumo | B100: 50.19.62 | C100: SUDECAP | D100: CHP/ROMPEDOR PNEUMATICO MANUAL, PADRAO, PESO DE 30 KG, OU EQUIVALENTE | E100: Equipamento | G100: H | H100: 0.2 | I100: 17.61 | J100: 3.52
A101: Insumo | B101: 55.10.88 | C101: SUDECAP | D101: SERVENTE | E101: Mão de Obra | G101: H | H101: 0.13333 | I101: 15.79 | J101: 2.1
E102: MO sem LS => | F102: 2.1 | G102: LS => | H102: 0 | I102: MO com LS => | J102: 2.1
E103: Valor do BDI => | F103: 3.4 | H103: Valor com BDI => | J103: 17.48
G104: Quant. => | H104: 125000 | I104: Preço Total => | J104: 2185000
A106: 2.3 | B106: Código | C106: Banco | D106: Descrição | E106: Tipo | G106: Und | H106: Quant. | I106: Valor Unit | J106: Total
A107: Composição | B107: 02.27.01 | C107: SUDECAP | D107: CARGA DE MATERIAL DEMOLIDO SOBRE CAMINHÃO - MANUAL | E107: CARGA DE MATERIAL DEMOLIDO SOBRE CAMINHAO | G107: m³ | H107: 1 | I107: 20.74 | J107: 20.74
A108: Insumo | B108: 50.10.09 | C108: SUDECAP | D108: CHI/CAMINHAO BASCULANTE | E108: Equipamento | G108: H | H108: 0.17 | I108: 60.73 | J108: 10.32
A109: Insumo | B109: 55.10.88 | C109: SUDECAP | D109: SERVENTE | E109: Mão de Obra | G109: H | H109: 0.66 | I109: 15.79 | J109: 10.42
E110: MO sem LS => | F110: 10.42 | G110: LS => | H110: 0 | I110: MO com LS => | J110: 10.42
E111: Valor do BDI => | F111: 5.02 | H111: Valor com BDI => | J111: 25.76
G112: Quant. => | H112: 8000 | I112: Preço Total => | J112: 206080
...

Sheet Cronograma
A1: PREFEITURA MUNICIPAL DE SANTA LUZIA
B2: ='Orçamento Sintético'!$D$2 -> Objeto: | C2: Bancos | E2: B.D.I. | F2: Encargos Sociais
B3: ='Orçamento Sintético'!$D$3 -> Registro de preço para futura e eventual contratação de empresa para execução de serviços de recomposição de pavimentos, TAPA-BURACO, em diversos logradouros públicos no município, com fornecimento de mão de obra, materiais e equipamentos. | C3: SINAPI - 11/2022 - Minas Gerais SETOP - 10/2022 - Minas Gerais SUDECAP - 10/2022 - Minas Gerais | E3: 24,21% | F3: Não Desonerado: embutido nos preços unitário dos insumos de mão de obra, de acordo com as bases. | O3: Santa Luzia, 09 de janeiro de 2023
A4: CRONOGRAMA FÍSICO-FINANCEIRO
A5: Item | B5: Descrição | C5: Total Por Etapa | D5: MÊS
D6: 1 | E6: 2 | F6: 3 | G6: 4 | H6: 5 | I6: 6 | J6: 7 | K6: 8 | L6: 9 | M6: 10 | N6: 11 | O6: 12
A7: 1 | B7: SERVIÇOS PRELIMINARES | C7: 100% 105.229,56 | D7: 8,33% 8.765,62 | E7: 8,33% 8.765,62 | F7: 8,33% 8.765,62 | G7: 8,33% 8.765,62 | H7: 8,33% 8.765,62 | I7: 8,33% 8.765,62 | J7: 8,33% 8.765,62 | K7: 8,33% 8.765,62 | L7: 8,33% 8.765,62 | M7: 8,33% 8.765,62 | N7: 8,33% 8.765,62 | O7: 8,37% 8.807,74
A8: 2 | B8: DEMOLIÇÕES E LIMPEZA | C8: 100% 3.586.680,00 | D8: 8,33% 298.770,44 | E8: 8,33% 298.770,44 | F8: 8,33% 298.770,44 | G8: 8,33% 298.770,44 | H8: 8,33% 298.770,44 | I8: 8,33% 298.770,44 | J8: 8,33% 298.770,44 | K8: 8,33% 298.770,44 | L8: 8,33% 298.770,44 | M8: 8,33% 298.770,44 | N8: 8,33% 298.770,44 | O8: 8,37% 300.205,16
A9: 3 | B9: RECOMPOSIÇÃO DE PAVIMENTO | C9: 100% 14.239.350,00 | D9: 8,33% 1.186.137,86 | E9: 8,33% 1.186.137,86 | F9: 8,33% 1.186.137,86 | G9: 8,33% 1.186.137,86 | H9: 8,33% 1.186.137,86 | I9: 8,33% 1.186.137,86 | J9: 8,33% 1.186.137,86 | K9: 8,33% 1.186.137,86 | L9: 8,33% 1.186.137,86 | M9: 8,33% 1.186.137,86 | N9: 8,33% 1.186.137,86 | O9: 8,37% 1.191.833,54
A10: 4 | B10: VEÍCULOS | C10: 100% 22.676,16 | D10: 8,33% 1.888,92 | E10: 8,33% 1.888,92 | F10: 8,33% 1.888,92 | G10: 8,33% 1.888,92 | H10: 8,33% 1.888,92 | I10: 8,33% 1.888,92 | J10: 8,33% 1.888,92 | K10: 8,33% 1.888,92 | L10: 8,33% 1.888,92 | M10: 8,33% 1.888,92 | N10: 8,33% 1.888,92 | O10: 8,37% 1.898,04
A11: 5 | B11: ADMINISTRAÇÃO LOCAL | C11: 100% 1.349.295,88 | D11: 8,33% 112.396,35 | E11: 8,33% 112.396,35 | F11: 8,33% 112.396,35 | G11: 8,33% 112.396,35 | H11: 8,33% 112.396,35 | I11: 8,33% 112.396,35 | J11: 8,33% 112.396,35 | K11: 8,33% 112.396,35 | L11: 8,33% 112.396,35 | M11: 8,33% 112.396,35 | N11: 8,33% 112.396,35 | O11: 8,37% 112.936,03
A12: Porcentagem | D12: 8,33% | E12: 8,33% | F12: 8,33% | G12: 8,33% | H12: 8,33% | I12: 8,33% | J12: 8,33% | K12: 8,33% | L12: 8,33% | M12: 8,33% | N12: 8,33% | O12: 0.0837
A13: Custo | D13: 1.607.959,19 | E13: 1.607.959,19 | F13: 1.607.959,19 | G13: 1.607.959,19 | H13: 1.607.959,19 | I13: 1.607.959,19 | J13: 1.607.959,19 | K13: 1.607.959,19 | L13: 1.607.959,19 | M13: 1.607.959,19 | N13: 1.607.959,19 | O13: 1615680.5
A14: Porcentagem Acumulado | D14: 8,33% | E14: 16,66% | F14: 24,99% | G14: 33,32% | H14: 41,65% | I14: 49,98% | J14: 58,31% | K14: 66,64% | L14: 74,97% | M14: 83,3% | N14: 91,63% | O14: 1
A15: Custo Acumulado | D15: 1.607.959,19 | E15: 3.215.918,38 | F15: 4.823.877,57 | G15: 6.431.836,76 | H15: 8.039.795,96 | I15: 9.647.755,15 | J15: 11.255.714,34 | K15: 12.863.673,53 | L15: 14.471.632,73 | M15: 16.079.591,92 | N15: 17.687.551,11 | O15: 19303232
A18: _______________________________________________________________ ERIK GUIMARÃES DE FREITAS FREUDENSPRUNG ENGENHEIRO CIVIL CREA-RJ: 2018123277/ D MATRÍCULA: 33274

Sheet BDI
A1: PREFEITURA MUNICIPAL DE SANTA LUZIA
B2: ='Orçamento Sintético'!D2 -> Objeto:
B3: ='Orçamento Sintético'!D3 -> Registro de preço para futura e eventual contratação de empresa para execução de serviços de recomposição de pavimentos, TAPA-BURACO, em diversos logradouros públicos no município, com fornecimento de mão de obra, materiais e equipamentos.
I4: Santa Luzia, 09 de janeiro de 2023
A5: Acórdão TCU 2622/2013
A6: Parâmetros para cálculo do BDI
A7: Itens Admissíveis | B7: Intervalos admissíveis sem justificativa | H7: Índices adotados
A9: Administração Central (AC) | B9: De | C9: 0.038 | E9: até | F9: 0.0467 | H9: Administração Central (AC) | I9: 0.0467
A10: Seguro e Garantia (S+G) | B10: De | C10: 0.0032 | E10: até | F10: 0.0074 | H10: Seguro e Garantia (S+G) | I10: 0.0074
A11: Risco (R) | B11: De | C11: 0.005 | E11: até | F11: 0.0097 | H11: Risco (R) | I11: 0.0056
A12: Despesas financeiras (DF) | B12: De | C12: 0.0102 | E12: até | F12: 0.0121 | H12: Despesas financeiras (DF) | I12: 0.0121
A13: Lucro (L) | B13: De | C13: 0.0664 | E13: até | F13: 0.0869 | H13: Lucro (L) | I13: 0.0869
A14: ISS | B14: De | C14: 0.02 | E14: até | F14: 0.05 | H14: Tributos (T) | I14: 0.025
A15: PIS+COFINS | F15: 0.0365 | H15: PIS+COFINS | I15: 0.0365
A16: CPRB | C16: 0 | E16: ou | F16: 0.045 | H16: INSS desoneração (E) | I16: 0
A17: Controle
A18: Administração Central (AC) | B18: OK
A19: Seguro e Garantia (S+G) | B19: OK
A20: Risco (R) | B20: OK
A21: Despesas financeiras (DF) | B21: OK
A22: Lucro (L) | B22: OK
A23: Tributos (T) | B23: OK
A24: INSS desoneração (E) | B24: OK
A25: BDI CALCULADO ----> | B25: BDI = (1+AC+S+R+G)*(1+DF)*(1+L)/(1-(T+E)) | I25: =((1+I9+I10+I11)*(1+I12)*(1+I13))/(1-(I14+I16+I15))-1 -> 0.24211461
A28: _______________________________________________________________ ERIK GUIMARÃES DE FREITAS FREUDENSPRUNG ENGENHEIRO CIVIL CREA-RJ: 2018123277/ D MATRÍCULA: 33274
